 Dungeon Crawl Stone Soup version 0.31-a0-865-g3d5d91748a (webtiles) character file.

Game seed: 12964299180958580509

4515 wvc the Geomancer (level 10, -6/50 HPs)
             Began as a Gargoyle Earth Elementalist on Oct 10, 2023.
             Was a Believer of the Shining One.
             Mangled by Harold
             ... wielding a +0 dire flail
              (14 damage)
             ... on level 9 of the Dungeon.
             The game lasted 00:25:14 (7923 turns).

wvc the Geomancer (Gargoyle Earth Elementalist)     Turns: 7923, Time: 00:25:14

Health: -6/50      AC: 14    Str: 12    XL:     10   Next: 39%
Magic:  24/24      EV: 11    Int: 20    God:    the Shining One [**....]
Gold:   583        SH:  0    Dex: 10    Spells: 22/29 levels left

rFire   . . .        t - +1 short sword (protect)
rCold   . . .        (no shield)
rNeg    + + +        C - +0 troll leather armour
rPois   ∞            v - +0 helmet
rElec   +            (no cloak)
rCorr   .            x - +1 pair of gloves
SInv    .            l - +0 pair of boots
Will    .....        c - amulet of faith
Stlth   +            h - ring of wizardry
HPRegen 1.08/turn    d - ring of positive energy
MPRegen 0.19/turn

%: faith, wizardry (x1)
@: confused, ambrosia-drunk, glowing
A: sickness immunity, AC +7, negative energy resistance 1, electricity
resistance, torment resistance 1, petrification resistance
a: Renounce Religion, Divine Shield


You were on level 9 of the Dungeon.
You worshipped the Shining One.
The Shining One was pleased with you.
You visited 2 branches of the dungeon, and saw 10 of its levels.
You also visited: Bailey.

You collected 583 gold pieces.

Inventory:

Hand Weapons
 j - a +0 long sword
 t - a +1 short sword of protection (weapon)
 y - a +4 scimitar
Missiles
 k - 2 javelins
 m - 2 throwing nets
 z - 15 poisoned darts
Armour
 l - a +0 pair of boots (worn)
 p - an orb of guile
 v - a +0 helmet (worn)
 x - a +1 pair of gloves (worn)
 C - a +0 troll leather armour (worn)
Magical Staves
 n - a staff of cold
Jewellery
 c - an amulet of faith (around neck)
 d - a ring of positive energy (right hand)
 h - a ring of wizardry (left hand)
Wands
 g - a wand of digging (6)
 s - a wand of iceblast (14)
 w - a wand of flame (13)
Scrolls
 a - a scroll of revelation
 e - a scroll of enchant armour
 f - 3 scrolls of vulnerability
 q - a scroll of fog
 r - 7 scrolls of teleportation
 u - 2 scrolls of identify
 A - a scroll of immolation
Potions
 b - a potion of magic
 i - 4 potions of curing
 o - 2 potions of invisibility


   Skills:
 - Level 1.5 Dodging
 - Level 2.1 Stealth
 - Level 10.0 Spellcasting
 + Level 5.2 Conjurations
 * Level 4.4 Summonings
 - Level 0.7 Transmutations
 - Level 10.0 Earth Magic


You had 22 spell levels left.
You knew the following spells:

 Your Spells              Type           Power      Damage    Failure   Level
a - Sandblast             Erth           100%       2d20      1%          1
b - Stone Arrow           Conj/Erth      80%        3d12      1%          3
c - Summon Guardian Gole  Hex/Summ       18%        N/A       4%          3

Your spell library contained the following spells:

 Spells                   Type           Power      Damage    Failure   Level
 Passwall                 Tmut/Erth      25%        N/A       1%          2
 Call Canine Familiar     Summ           27%        N/A       1%          3
 Brom's Barrelling Bould  Conj/Erth      40%        2d6       1%          4
 Freeze                   Ice            40%        1d6       3%          1
 Hailstorm                Conj/Ice       20%        3d6       3%          3
 Leda's Liquefaction      Hex/Erth       15%        N/A       4%          4
 Petrify                  Tmut/Erth      31%        N/A       4%          4
 Frozen Ramparts          Ice            20%        1d4       11%         3
 Ozocubu's Armour         Ice            10%        N/A       11%         3
 Sigil of Binding         Hex            10%        N/A       11%         3
 Tukima's Dance           Hex            10%        N/A       11%         3
 Iskenderun's Mystic Bla  Conj/Tloc      20%        2d6       12%         4
 Animate Dead             Necr           10%        N/A       32%         4
 Dimensional Bullseye     Hex/Tloc       5%         N/A       32%         4
 Olgreb's Toxic Radiance  Pois           10%        N/A       32%         4
 Orb of Destruction       Conj           15%        9d7       96%         7
 Spellforged Servitor     Conj/Summ      14%        N/A       98%         7
 Haunt                    Necr/Summ      9%         N/A       100%        7
 Ozocubu's Refrigeration  Ice            5%         4d8       100%        7
 Discord                  Hex            5%         N/A       100%        8
 Ignition                 Fire           5%         3d4       100%        8
 Infestation              Necr           5%         N/A       100%        8


Dungeon Overview and Level Annotations

Branches:
Dungeon (9/15)             Temple (1/1) D:6          Bailey (visited)
   Lair: D:8-11         Orc: D:9-12

Altars:
Ashenzari
Cheibriados
Dithmenos
Elyvilon
Fedhas
Gozag
Hepliaklqana
Kikubaaqudgha
Makhleb
Nemelex Xobeh
Okawaru
Qazlal
Ru
Sif Muna
Trog
Uskayaw
Vehumet
Wu Jian
Xom
Yredelemnul
Zin
The Shining One

Shops:
D:4 *

Annotations:
D:6 1 runed translucent door, Crazy Yiuf
D:7 3 runed translucent doors, Syrassil's ghost, novice DrSh
D:9 Harold


Innate Abilities, Weirdness & Mutations

You are immune to sickness and miasma.
Your stone body is resilient. (AC +7)
You are immune to poison.
You resist negative energy. (rN+)
You are resistant to electric shocks. (rElec)
You are resistant to unholy torment.
You are immune to petrification.


Message History

Casting: Sandblast (safe; 1% risk of failure)
Confirm with . or Enter, or press ? or * to list all spells.
Aiming: Stone Arrow (safe; 1% risk of failure)
Press: ? - help, Shift-Dir - straight line, f - Harold
Aim: Harold, wielding a +0 dire flail, wearing a +0 scale mail and quivering 4 throwing nets (haloed, 90% to hit)
The stone arrow misses Harold.
Casting: Stone Arrow (safe; 1% risk of failure)
Confirm with . or Enter, or press ? or * to list all spells.
Aiming: Stone Arrow (safe; 1% risk of failure)
Press: ? - help, Shift-Dir - straight line, f/p - Harold
Aim: Harold, wielding a +0 dire flail, wearing a +0 scale mail and quivering 4 throwing nets (haloed, 90% to hit)
The stone arrow misses Harold.
Harold throws a throwing net.
The throwing net hits you.
You become entangled in the net!
You struggle against the net.
You struggle against the net.
Harold hits you with a +0 dire flail!
You struggle against the net.
Harold hits you with a +0 dire flail!
You rip the net and break free!
Harold hits you but does no damage.
Aiming: Sandblast (safe; 1% risk of failure)
Press: ? - help, Q - select action, (/) - cycle Shift-Dir - straight line, f/p - Harold
Aim: Harold, wielding a +0 dire flail, wearing a +0 scale mail and quivering 3 throwing nets (haloed, 93% to hit)
The blast of sand hits Harold!
Harold is lightly wounded.
Harold says, "My wife will appreciate not having to wash blood out of my clothes anymore."
Harold hits you with a +0 dire flail! x2
* * * LOW HITPOINT WARNING * * *
You feel much better.
Harold points at you and mumbles some strange words.
You barely resist.
It was a potion of ambrosia.
You are confused.
You feel invigorated. Harold hits you with a +0 dire flail!!
* * * LOW HITPOINT WARNING * * *
Harold barely misses you. Harold hits you with a +0 dire flail!
* * * LOW HITPOINT WARNING * * *
Harold hits you with a +0 dire flail!
* * * LOW HITPOINT WARNING * * *
Harold hits you with a +0 dire flail!
You die...
Harold sighs, "Nothing for old Harold but hiking after this."

####### ##.....##
#.......# #####
#######.#.#.#.# ....#
#.............# ....#
#.......(.#.#.#########
....#
#......................
....#
+...:@@..#############.
....# #).......# ##
....# #........# ....+
#........# ....#
####+##### +#### .# .#
########


You could see Harold.

Vanquished Creatures
  A troll (D:9)
  A wyvern (D:8)
  A wraith (D:9)
  3 steam dragons
  2 acid dragons (D:9)
  A water moccasin (D:9)
  A black bear (D:7)
  3 ice beasts
  5 orc warriors
  A sky beast (D:7)
  2 centaurs
  A phantom (D:6)
  A bullfrog (D:7)
  3 scorpions
  16 wights
  6 killer bees (D:9)
  2 hounds
  3 jellies
  4 orc priests
  4 iguanas
  2 sleepcaps
  4 orc wizards
  8 gnolls
  5 adders
  A shadow imp (D:8)
  53 orcs
  3 endoplasms
  5 giant cockroaches
  7 goblins
  4 hobgoblins
  3 jackals (D:3)
  4 kobolds
  3 quokkas
  9 ball pythons
  8 bats
  5 frilled lizards
  2 rats
187 creatures vanquished.

Notes
Turn   | Place    | Note
-------+----------+-------------------------------------------
     0 | D:1      | wvc the Gargoyle Earth Elementalist began the quest for the
                  | Orb.
     0 | D:1      | Reached XP level 1. HP: 10/10 MP: 3/3
   198 | D:1      | Reached XP level 2. HP: 13/15 MP: 1/5
   897 | D:2      | Reached XP level 3. HP: 19/19 MP: 3/6
  1056 | D:2      | Reached skill level 5 in Earth Magic
  1056 | D:2      | Reached XP level 4. HP: 24/24 MP: 5/8
  1417 | D:2      | Learned a level 3 spell: Stone Arrow
  2247 | D:3      | Reached XP level 5. HP: 28/28 MP: 7/10
  2633 | D:3      | Found a shimmering blue altar of Sif Muna.
  2932 | D:4      | Reached XP level 6. HP: 32/32 MP: 8/12
  3278 | D:4      | Found Vuv Kojo's CLEARANCE SALE!.
  3420 | D:5      | Entered Level 5 of the Dungeon
  4093 | D:6      | Reached skill level 5 in Spellcasting
  4093 | D:6      | Reached skill level 1 in Conjurations
  4093 | D:6      | Reached XP level 7. HP: 36/36 MP: 8/14
  4137 | D:6      | Found a shadowy altar of Dithmenos.
  4259 | D:6      | Found a glowing silver altar of Zin.
  4315 | D:6      | Found a stormy altar of Qazlal.
  4320 | D:6      | Found a sparkling altar of Nemelex Xobeh.
  4320 | D:6      | Found an ancient bone altar of Kikubaaqudgha.
  4356 | D:6      | Found a runed translucent door.
  4357 | D:6      | Noticed Crazy Yiuf
  4598 | D:6      | Found a staircase to the Ecumenical Temple.
  4611 | Temple   | Entered the Ecumenical Temple
  4703 | Temple   | Became a worshipper of the Shining One
  5156 | D:7      | Reached XP level 8. HP: 40/41 MP: 11/16
  5162 | D:7      | Found a flagged portal.
  5190 | Bailey   | Entered a bailey
  5454 | D:7      | HP: 2/41 [orc warrior/+0 war axe (4)]
  5884 | D:7      | Reached XP level 9. HP: 45/45 MP: 15/19
  5950 | D:7      | Learned a level 3 spell: Summon Guardian Golem
  6168 | D:7      | Found a runed translucent gate.
  6170 | D:7      | Found a runed translucent gate.
  6170 | D:7      | Noticed Syrassil's ghost (novice DrSh)
  6171 | D:7      | Found a runed translucent gate.
  6522 | D:8      | Reached * piety under the Shining One
  6527 | D:8      | Found a broken altar of Ashenzari.
  6596 | D:8      | Found a basalt altar of Yredelemnul.
  6620 | D:8      | Reached skill level 10 in Earth Magic
  6699 | D:8      | Reached skill level 1 in Summonings
  7088 | D:9      | Noticed a troll
  7098 | D:9      | Killed a troll
  7151 | D:9      | Reached ** piety under the Shining One
  7184 | D:9      | Reached XP level 10. HP: 50/50 MP: 21/23
  7654 | D:9      | Reached skill level 10 in Spellcasting
  7654 | D:9      | Reached skill level 5 in Conjurations
  7908 | D:9      | Noticed Harold
  7923 | D:9      | Mangled by Harold

Illustrated notes

Levels and vault maps discovered:
D:1:      matt_arrival_spirals, layout_rooms, chequers_big_river
D:2:      layout_rooms, hangedman_abyss_or_decor_stabs
D:3:      layout_loops_corners, mainiacjoe_overflow_alcove_1,
          minmay_misc_feat_iff
D:4:      layout_rooms, nicolae_shop_clearance
D:5:      layout_cave_pools
D:6:      layout_loops_ring, nicolae_dithmenos_shadow_blocks, lemuel_tele_altar,
          gammafunk_temple_overflow_forgotten, minmay_temple_entry_offerings,
          uniq_crazy_yiuf_cottage
D:7:      layout_loops_ring, enter_bailey_4, biasface_ghost_orc_armoury
D:8:      layout_gridville, mainiacjoe_overflow_large_starburst,
          dreamdust_gnoll_shepherd
D:9:      layout_roguey, special_room [special_room_orc], serial_glass,
          glass_columns_a, glass_columns_c, uniq_harold
Temple:   eino_temple_water

Skill      XL: |  1  2  3  4  5  6  7  8  9 10 |
---------------+-------------------------------+-----
Earth Magic    | 4 5 6 7 9 10 | 10.0
Spellcasting   | 3 4 5 7 9 10 | 10.0
Conjurations   | 1 2 4 5 |  5.2
Summonings     | 2 4 |  4.4
Dodging        | |  1.5
Stealth        | |  2.1
Transmutations | |  0.7

Action                     |  1- 3 |  4- 6 |  7- 9 | 10-12 || total
---------------------------+-------+-------+-------+-------++-------
  Melee: Unarmed           |     1 |     1 |       |       ||     2
         Short sword       |       |       |       |    11 ||    11
         Punch             |       |       |       |     1 ||     1
   Cast: Sandblast         |    37 |   104 |   114 |    72 ||   327
         Stone Arrow       |       |       |     5 |     6 ||    11
         Summon Guardian G |       |       |     3 |       ||     3
    Use: Scroll            |       |    13 |     2 |       ||    15
         Potion            |       |       |     4 |     2 ||     6
 Armour: Robe              |    11 |    40 |    64 |       ||   115
         Troll leather arm |       |       |     5 |    45 ||    50
  Dodge: Dodged            |    17 |    52 |    39 |    27 ||   135

Table legend: (Time is in decaauts)
 A = Elapsed time spent in this place.
 B = Non-inter-level travel time spent in this place.
 C = Inter-level travel time spent in this place.
 D = Time resting spent in this place.
 E = Time spent auto-exploring this place.
 F = Levels seen in this place.
 G = Mean time per level.
                   A        B        C        D        E       F      G
               +--------+--------+--------+--------+--------+-----+--------+
         Total |   8092 |   7765 |    327 |    953 |   5238 |  11 |  735.6 |
       Dungeon |   7720 |   7491 |    229 |    792 |   5204 |   9 |  857.8 |
        Temple |    102 |      4 |     98 |      0 |      0 |   1 |  102.0 |
        Bailey |    269 |    269 |      0 |    161 |     34 |   1 |  269.0 |
               +--------+--------+--------+--------+--------+-----+--------+

Top non-repeatable levels by time:
     D:9: 1163 daAuts
     D:7: 1140 daAuts
     D:4: 1084 daAuts
     D:6: 1020 daAuts
     D:1: 1004 daAuts
     D:3: 995 daAuts
     D:2: 704 daAuts
     D:8: 359 daAuts
  Bailey: 269 daAuts
     D:5: 246 daAuts
  Temple: 102 daAuts
